 Dungeon Crawl Stone Soup version 0.32-a0-928-g1cae6b7ea0 (webtiles) character file.

Game seed: 3202232997148995979

4 Sabo the Charlatan (level 1, 0/15 HPs)
             Began as a Demonspawn Artificer on Apr 12, 2024.
             Slain by a hobgoblin (3 damage)
             ... on level 1 of the Dungeon.
             The game lasted 00:00:30 (134 turns).

Sabo the Charlatan (Demonspawn Artificer)            Turns: 134, Time: 00:00:31

Health: 0/15       AC:  3    Str: 12    XL:     1   Next: 50%
Magic:  1/1        EV:  0    Int: 11    God:
Gold:   23         SH:  0    Dex: 13    Spells: 0/0 levels left

rFire   . . .        a - +0 club
rCold   . . .        (no shield)
rNeg    . . .        b - +0 leather armour
rPois   .            (no helmet)
rElec   .            (no cloak)
rCorr   .            (no gloves)
SInv    .            (no boots)
Will    .....        (no amulet)
Stlth   +            (no ring)
HPRegen 0.22/turn    (no ring)
MPRegen 0.07/turn

%: no passive effects
@: constricted
A: no striking features
a: no special abilities


You were on level 1 of the Dungeon.
You visited 1 branch of the dungeon, and saw 1 of its levels.

You collected 23 gold pieces.

Inventory:

Hand Weapons
 a - a +0 club (weapon)
Armour
 b - a +0 leather armour (worn)
Wands
 c - a wand of flame (15) (quivered)
 d - a wand of charming (15)
 e - a wand of iceblast (5)


   Skills:
 + Level 1.0 Fighting
 + Level 2.0 Armour
 + Level 1.1 Dodging
 + Level 0.8 Stealth
 + Level 3.0 Evocations


You couldn't memorise any spells.
You didn't know any spells.
Your spell library was empty.

Dungeon Overview and Level Annotations

Branches:
Dungeon (1/15)

Altars:


Message History

You barely miss the endoplasm.
The endoplasm is lightly wounded.
The endoplasm barely misses you.
You hit the endoplasm.
You kill the endoplasm!
Your Armour skill increases to level 2!
You start resting.
HP restored.
A hobgoblin comes into view.
You see here a silvery potion.
A bat comes into view.
The hobgoblin shouts!
A ball python comes into view.
The ball python hisses angrily.
The bat closely misses you.
You hit the bat.
The bat is moderately wounded.
The bat misses you. The bat barely misses you.
The bat hits you but does no damage.
You hit the bat.
You kill the bat!
A goblin comes into view. It is wielding a +0 club.
The hobgoblin hits you.
Your Dodging skill increases to level 1!
The goblin shouts!
You hit the hobgoblin but do no damage. The hobgoblin closely misses you.
The ball python completely misses you. The ball python grabs you.
The ball python constricts you. The hobgoblin hits you.
You closely miss the hobgoblin.
The ball python bites you but does no damage.
The ball python constricts you. The hobgoblin hits you.
The ball python bites you but does no damage.
The ball python constricts you.
You closely miss the ball python.
The ball python bites you but does no damage.
The ball python constricts you. The hobgoblin hits you.
* * * LOW HITPOINT WARNING * * *
You barely miss the ball python. The ball python barely misses you.
The ball python constricts you. The hobgoblin hits you.
You die...

.........#
.........##
...........
..........
.........###
......g....#
.......S...####
......†@....$..
#.....g.[....##
##.............
####..!.......
######..........
####...####..##....
#≈≈≈~~~≈≈##..# ....
####...####..# ...
##........###...


You could see a hobgoblin, a goblin and a ball python.

Vanquished Creatures
  A bat (D:1)
  An endoplasm (D:1)
  A quokka (D:1)
3 creatures vanquished.

Notes
Turn   | Place    | Note
-------+----------+-------------------------------------------
     0 | D:1      | Sabo the Demonspawn Artificer began the quest for the Orb.
     0 | D:1      | Reached XP level 1. HP: 15/15 MP: 1/1
   131 | D:1      | Reached skill level 1 in Dodging
   134 | D:1      | Slain by a hobgoblin

Illustrated notes

Levels and vault maps discovered:
D:1:      dpeg_arrival_windows_large_door, layout_rooms, serial_rivers,
          chequers_serial_rivers_micro_b, chequers_serial_rivers_micro_c,
          chequers_serial_rivers_micro_a, chequers_serial_rivers_micro_a,
          chequers_serial_rivers_small_3, chequers_serial_rivers_room_a

Skill      XL: |  1 |
---------------+----+-----
Armour         | 2 |  2.0
Dodging        | 1 |  1.1
Fighting       | |  1.0
Stealth        | |  0.8
Evocations     | |  3.0

Action                     || total
---------------------------++-------
  Melee: Club              ||    18
 Armour: Leather armour    ||    25
  Dodge: Dodged            ||    14

Table legend: (Time is in decaauts)
 A = Elapsed time spent in this place.
 B = Non-inter-level travel time spent in this place.
 C = Inter-level travel time spent in this place.
 D = Time resting spent in this place.
 E = Time spent auto-exploring this place.
 F = Levels seen in this place.
 G = Mean time per level.
                   A        B        C        D        E       F      G
               +--------+--------+--------+--------+--------+-----+--------+
         Total |    139 |    139 |      0 |     27 |      0 |   1 |  139.0 |
       Dungeon |    139 |    139 |      0 |     27 |      0 |   1 |  139.0 |
               +--------+--------+--------+--------+--------+-----+--------+

Top non-repeatable levels by time:
     D:1: 139 daAuts
